AoeStats
← AOELG_bravedave92

Arabia

510101402Analyzed
2v2 RM · 4d ago on Sep 29, 2026· 41m 16s· 4 players
Game mode
Random Map
Map size
Medium (4 player)
Population
200
Speed
Normal
Resources
Standard
Victory
Conquest
Starting age
Dark Age
Ending age
Imperial Age
RankedLock teamsTeams togetherTeam positionsShared explorationLock speedFull tech treeHidden civsTurbo modeCheats
Victory
Defeat
🇹🇼 Ethiopians · Taiwan
1187
+15
🇹🇼 Khmer · Taiwan
1186
+15
🇩🇪 Persians · Germany
1183
-16
🇨🇭 Mongols · Switzerland
1139
-14
AOELG_bravedave92
7:22 Loom
9:30 Feudal Age
15:38 Double-Bit Axe
18:35 Horse Collar
22:35 Castle Age
21:55 Forging
21:51 Scale Barding Armor
23:24 Wheelbarrow
23:39 Bloodlines
26:08 Husbandry
26:44 Iron Casting
26:54 Chain Barding Armor
30:16 Elite Skirmisher
31:57 Fletching
32:08 Padded Archer Armor
32:56 Bow Saw
33:27 Bodkin Arrow
33:48 Leather Archer Armor
37:39 Gold Mining
37:40 Stone Mining
frickman
8:18 Feudal Age
7:00 Loom
9:25 Double-Bit Axe
12:53 Wheelbarrow
12:29 Horse Collar
19:59 Fletching
20:09 Padded Archer Armor
28:09 Castle Age
31:00 Elite Skirmisher
34:26 Bodkin Arrow
HSING
7:00 Loom
9:00 Feudal Age
9:47 Double-Bit Axe
12:31 Horse Collar
16:07 Wheelbarrow
17:18 Wheelbarrow
20:09 Castle Age
18:41 Gold Mining
21:15 Scale Barding Armor
21:21 Forging
21:36 Bow Saw
21:38 Bloodlines
21:20 Light Cavalry
22:57 Husbandry
24:24 Hand Cart
26:24 Iron Casting
28:16 Chain Barding Armor
28:36 Heavy Plow
29:53 Pikeman
36:00 Imperial Age
35:14 Scale Mail Armor
36:26 Halberdier
37:28 Chain Mail Armor
37:24 Capped Ram
T43
6:38 Loom
10:04 Feudal Age
11:03 Double-Bit Axe
16:35 Horse Collar
20:47 Wheelbarrow
26:00 Castle Age
24:39 Gold Mining
26:20 Fletching
26:04 Crossbowman
26:59 Padded Archer Armor
26:56 Bodkin Arrow
27:34 Thumb Ring
28:38 Bow Saw
28:29 Heavy Plow
28:31 Padded Archer Armor
34:31 Hand Cart
34:19 Town Watch
Connection lost

Rejoining the realm…

Still unreachable

The connection could not be restored.

Session expired

The server has moved on; the page needs a fresh start.